 Dungeon Crawl Stone Soup version 0.30-a0-297-g0ec75d9ef4 (webtiles) character file.

Game seed: 9907049386800387075

10 blackman the Sneak (level 2, 0/24 HPs)
             Began as a Human Delver on Oct 20, 2022.
             Slain by Pargi (2 damage)
             ... in a sewer.
             The game lasted 00:02:07 (334 turns).

blackman the Sneak (Human Delver)                    Turns: 334, Time: 00:02:08

Health: 0/24       AC:  3    Str: 12    XL:     2   Next: 30%
Magic:  2/2        EV: 12    Int: 10    God:
Gold:   15         SH:  0    Dex: 14    Spells: 1/1 levels left

rFire   . . .      SeeInvis .    a - +0 falchion
rCold   . . .      Faith    .    (no shield)
rNeg    . . .      Spirit   .    b - +0 leather armour
rPois   .          Reflect  .    (no helmet)
rElec   .          Harm     .    (no cloak)
rCorr   .          Rampage  .    (no gloves)
Will    .....                    (no boots)
Stlth   +++.......               (no amulet)
HPRegen 0.24/turn                (no ring)
MPRegen 0.08/turn                (no ring)

@: hasted, very quick
A: no striking features
a: no special abilities


You were in a sewer.
You visited 1 branch of the dungeon, and saw 2 of its levels.
You also visited: Sewer.

You collected 15 gold pieces.

Inventory:

Hand Weapons
 a - a +0 falchion (weapon)
 d - a +0 shortbow
Armour
 b - a +0 leather armour (worn)
Scrolls
 c - a scroll of fog
 e - a scroll of fear
Potions
 h - 2 potions of heal wounds {unknown}


   Skills:
 - Level 3.0 Fighting
 + Level 2.8 Long Blades
 - Level 2.0 Dodging
 - Level 5.0 Stealth


You had one spell level left.
You didn't know any spells.
Your spell library was empty.

Dungeon Overview and Level Annotations

Branches:
Dungeon (6/15)              Sewer (1/1)
 Temple: D:4-7

Altars:

Annotations:
Sewer Pargi


Message History

No target in view!
No target in view!
No target in view!
No target in view!
No target in view!
You open the door.
Pargi the Meek comes into view.
Pargi shouts!
Press: ? - help, v - describe, . - travel The floor.
Unknown command.
Press: ? - help, v - describe, . - travel
Here: Pargi An open door.
You don't know any spells.
Unknown command.
You don't know any spells.
You don't know any spells.
You feel yourself speed up. Pargi barely misses you. Pargi claws you.
Pargi closely misses you.
You slash Pargi!
Pargi is lightly wounded.
Pargi bites you. Pargi claws you. Pargi closely misses you.
You closely miss Pargi.
Pargi is lightly wounded.
Pargi bites you but does no damage. Pargi closely misses you. x2
You closely miss Pargi.
Pargi is lightly wounded.
Pargi bites you. Pargi barely misses you. Pargi claws you.
You hit Pargi but do no damage.
Pargi is lightly wounded.
Pargi closely misses you. Pargi claws you. Pargi misses you.
You closely miss Pargi.
Pargi is lightly wounded.
Pargi bites you.
* * * LOW HITPOINT WARNING * * *
Pargi claws you.
* * * LOW HITPOINT WARNING * * *
Pargi claws you.
You die...

## ################ #.
#.##.##∩##.##.## #.
#.##.##.##.##.##
#T##)##'##.##'##'##
#.@................
~~~~~#~~~~~~~~~.~~~~~~~~
≈≈≈≈≈#≈≈≈≈≈≈≈≈≈∩≈≈≈≈≈≈≈≈
~~~~~#~~~~~~~~~.~~~~~~~~
######..................
#+##+##+##+##+##+##


You could see Pargi.

Vanquished Creatures
  3 orcs (D:6)
  A bat (Sewer)
  A giant cockroach (D:6)
  A ball python (D:6)
  A kobold (Sewer)
7 creatures vanquished.

Notes
Turn   | Place    | Note
-------+----------+-------------------------------------------
     0 | D:5      | blackman the Human Delver began the quest for the Orb.
     0 | D:5      | Reached XP level 1. HP: 18/18 MP: 1/1
     3 | D:5      | Noticed a hound
    48 | D:6      | Noticed a scorpion
    79 | D:6      | Reached XP level 2. HP: 11/24 MP: 2/2
   110 | D:6      | Found a glowing drain.
   136 | Sewer    | Entered a sewer
   328 | Sewer    | Noticed Pargi
   334 | Sewer    | Slain by Pargi

Illustrated notes

Levels and vault maps discovered:
D:5:      minmay_general_purpose_star, layout_basic, minmay_temple_entry_mist,
          minivault_27, nicolae_figureground_pulse, uniq_prince_ribbit1
D:6:      layout_cave_pods, cheibrodos_sewer_entry_drain
Sewer:    kennysheep_door_sewer

Action                   || total
-------------------------++-------
Melee: Falchion          ||    52
       Punch             ||     2
Evoke: Wand              ||     3
  Use: Scroll            ||     1
       Potion            ||     1
Armor: Leather armour    ||    13
Dodge: Dodged            ||    51

Table legend: (Time is in decaauts)
 A = Elapsed time spent in this place.
 B = Non-inter-level travel time spent in this place.
 C = Inter-level travel time spent in this place.
 D = Time resting spent in this place.
 E = Time spent auto-exploring this place.
 F = Levels seen in this place.
 G = Mean time per level.
                   A        B        C        D        E       F      G
               +--------+--------+--------+--------+--------+-----+--------+
         Total |    345 |    345 |      0 |    128 |     51 |   3 |  115.0 |
       Dungeon |    142 |    142 |      0 |      0 |     21 |   2 |   71.0 |
         Sewer |    203 |    203 |      0 |    128 |     30 |   1 |  203.0 |
               +--------+--------+--------+--------+--------+-----+--------+

Top non-repeatable levels by time:
   Sewer: 203 daAuts
     D:6: 134 daAuts
     D:5: 8 daAuts
